 Dungeon Crawl Stone Soup version 0.32-a0-361-g289a535e89 (webtiles) character file.

Game seed: 1173074945046429454

359 Ceno the Conjurer (level 6, -1/38 HPs)
             Began as a Tengu Reaver on Feb 18, 2024.
             Was an Initiate of Vehumet.
             Slain by a killer bee (7 damage)
             ... on level 4 of the Dungeon.
             The game lasted 00:09:50 (3504 turns).

Ceno the Conjurer (Tengu Reaver)                    Turns: 3504, Time: 00:09:51

Health: -1/38      AC:  3    Str: 13    XL:     6   Next: 65%
Magic:  10/10      EV: 12    Int: 13    God:    Vehumet [......]
Gold:   238        SH:  0    Dex: 14    Spells: 3/9 levels left

rFire   . . .        a - +0 falchion
rCold   . . .        (no shield)
rNeg    . . .        b - +0 leather armour
rPois   .            (helmet restricted)
rElec   .            (no cloak)
rCorr   .            (no gloves)
SInv    .            (boots unavailable)
Will    .....        (no amulet)
Stlth   +            (no ring)
HPRegen 0.26/turn    (no ring)
MPRegen 0.12/turn

%: acrobat
@: lethally poisoned (-1 -> -6)
A: beak, talons 3, acrobatic
a: Renounce Religion


You were on level 4 of the Dungeon.
You worshipped Vehumet.
Vehumet was noncommittal.
You visited 2 branches of the dungeon, and saw 6 of its levels.

You collected 238 gold pieces.

Inventory:

Hand Weapons
 a - a +0 falchion (weapon)
Missiles
 i - 32 stones (quivered)
 l - 5 poisoned darts
Armour
 b - a +0 leather armour (worn)
 h - a +0 scale mail
 m - a +0 ring mail
Wands
 n - a wand of flame (40)
 v - a wand of quicksilver (14)
Scrolls
 f - a scroll of revelation {unknown}
 k - a scroll of teleportation
 o - 2 scrolls of blinking {unknown}
 q - a scroll of identify
 r - a scroll of noise {unknown}
 s - a scroll of fog {unknown}
 t - a scroll of amnesia
Potions
 c - a potion of mutation {unknown}
 d - 4 potions of curing
 e - a potion of degeneration {unknown}
 g - 3 potions of attraction
 j - 2 potions of heal wounds {unknown}
 p - 3 potions of invisibility
 u - a potion of enlightenment {unknown}


   Skills:
 + Level 3.7 Fighting
 + Level 5.6 Long Blades
 - Level 2.1 Dodging
 - Level 2.0 Spellcasting
 + Level 5.8 Conjurations
 + Level 1.5 Ice Magic


You had 3 spell levels left.
You knew the following spells:

 Your Spells              Type           Power      Damage    Failure   Level
a - Kiss of Death         Conj/Necr      32%        2d7       10%         1
b - Momentum Strike       Conj/Tloc      16%        3d8       14%         2
c - Hailstorm             Conj/Ice       10%        3d6       22%         3

Your spell library contained the following spells:

 Spells                   Type           Power      Damage    Failure   Level


Dungeon Overview and Level Annotations

Branches:
Dungeon (5/15)             Temple (1/1) D:4

Altars:
Cheibriados
Dithmenos
Elyvilon
Gozag
Hepliaklqana
Qazlal
Ru
Sif Muna
Uskayaw
Vehumet
Wu Jian
Xom
Yredelemnul
Zin
The Shining One
Lugonu

Annotations:
D:4 Grinder


Innate Abilities, Weirdness & Mutations

You have a beak for a mouth.
You have claws for feet.
You can magically evade attacks while moving or waiting.


Message History

The stone hits the killer bee but does no damage.
The killer bee buzzes angrily.
A killer bee comes into view. x3
The killer bee moves out of view.
The killer bee closely misses you. The killer bee barely misses you.
You climb upwards.
Level annotation: Grinder
There is a stone staircase leading down here.
You miss the killer bee. Your kick misses the killer bee.
Your peck misses the killer bee. The killer bee barely misses you. x2
You closely miss the killer bee. The killer bee stings you!
You are poisoned.
The killer bee poisons you! The killer bee misses you.
You hit the killer bee. You claw the killer bee.
The killer bee is heavily wounded.
You feel sick. The killer bee stings you. The killer bee closely misses you.
You hit the killer bee but do no damage.
You claw the killer bee.
The killer bee is almost dead.
You feel sick. The killer bee stings you.
You are more poisoned.
The killer bee poisons you! The killer bee stings you.
You are too injured to fight recklessly!
You closely miss the killer bee.
You peck the killer bee, but do no damage.
The killer bee is almost dead.
You feel sick. The killer bee barely misses you.
The killer bee closely misses you.
You hit the killer bee. Your kick misses the killer bee.
The killer bee is almost dead.
You feel very sick. The killer bee stings you.
* * * LOW HITPOINT WARNING * * *
The killer bee stings you.
* * * LOW HITPOINT WARNING * * *
You miss the killer bee. Your peck misses the killer bee.
The killer bee is almost dead.
* * * LOW HITPOINT WARNING * * *
You feel sick. The killer bee stings you!
You die...

####............#≈.⌠≈'.##
#####.##.....#≈>_≈'.#
#.......#..#≈≈≈≈#.#
#.#.#..##..######.#
#######.#...............#
........#...#..#..#######
#########...#....##
###.####.### #.# #@y.#
### #.#.# ##.#.####
#..#....# #.#####.#
#....##.# ####....#
######


You could see a killer bee.

Vanquished Creatures
  A howler monkey (D:3)
  A hound (D:4)
  Jessica (D:2)
  Natasha (thrice) (D:3)
  7 adders
  4 dart slugs
  A ribbon worm (D:2)
  An orc (D:3)
  6 endoplasms
  2 giant cockroaches (D:3)
  5 hobgoblins
  2 jackals (D:1)
  2 quokkas
  3 ball pythons
  6 bats
  3 frilled lizards
  11 goblins
  9 kobolds
  5 rats
73 creatures vanquished.

Notes
Turn   | Place    | Note
-------+----------+-------------------------------------------
     0 | D:1      | Ceno the Tengu Reaver began the quest for the Orb.
     0 | D:1      | Reached XP level 1. HP: 12/12 MP: 4/4
    85 | D:1      | Reached XP level 2. HP: 17/17 MP: 6/6
    94 | D:1      | Learned a level 2 spell: Momentum Strike
   438 | D:1      | Reached XP level 3. HP: 22/22 MP: 7/7
  1068 | D:2      | Reached XP level 4. HP: 25/27 MP: 5/8
  1498 | D:2      | Found an opulent altar of Gozag.
  1566 | D:2      | Reached skill level 5 in Conjurations
  1604 | D:2      | Reached XP level 5. HP: 32/32 MP: 9/9
  1669 | D:2      | Noticed Jessica
  1684 | D:2      | Killed Jessica
  1685 | D:2      | Reached skill level 5 in Long Blades
  2111 | D:3      | Learned a level 3 spell: Hailstorm
  2200 | D:3      | Noticed Natasha
  2222 | D:3      | Killed Natasha
  2503 | D:3      | Identified the +7 mace "Tyib" {freeze, Stlth+}
  2534 | D:3      | Reached skill level 1 in Ice Magic
  2534 | D:3      | Reached XP level 6. HP: 37/37 MP: 5/10
  2663 | D:3      | Noticed Natasha
  2670 | D:3      | Killed Natasha
  2678 | D:3      | Noticed Natasha
  2684 | D:3      | Killed Natasha
  2937 | D:4      | Found a hazy altar of Hepliaklqana.
  2954 | D:4      | Found a glowing golden altar of the Shining One.
  2960 | D:4      | Found a basalt altar of Yredelemnul.
  2962 | D:4      | Found a sacrificial altar of Ru.
  2972 | D:4      | Found a shimmering blue altar of Sif Muna.
  2976 | D:4      | Found a radiant altar of Vehumet.
  2981 | D:4      | Became a worshipper of Vehumet
  3116 | D:4      | Noticed Grinder
  3222 | D:4      | Found a staircase to the Ecumenical Temple.
  3229 | Temple   | Entered the Ecumenical Temple
  3331 | D:4      | Found a stormy altar of Qazlal.
  3492 | D:5      | Entered Level 5 of the Dungeon
  3504 | D:4      | Slain by a killer bee

Illustrated notes

Levels and vault maps discovered:
D:1:      roderic_chinese_lattice_arrival, layout_basic
D:2:      layout_basic, basic_altar, minmay_distorted, uniq_jessica
D:3:      layout_loops_ring, minmay_fractal_squares_gapless_5, uniq_natasha
D:4:      layout_basic, general_overflow_altar,
          nicolae_overflow_hallway_of_the_gods, minmay_temple_entry_arrows,
          uniq_grinder
D:5:      layout_rooms, uniq_sigmund, uniq_edmund, uniq_menkaure
Temple:   corrupted_temple

Skill      XL: |  1  2  3  4  5 |
---------------+----------------+-----
Long Blades    | 4 5 |  5.6
Conjurations   | 5 |  5.8
Fighting       | 3 |  3.7
Ice Magic      | 1 |  1.5
Dodging        | |  2.1
Spellcasting   | |  2.0

Action                     |  1- 3 |  4- 6 || total
---------------------------+-------+-------++-------
  Melee: Falchion          |    31 |    77 ||   108
         Peck              |     5 |     8 ||    13
         Kick              |     4 |    17 ||    21
  Throw: Stone             |     1 |     4 ||     5
   Cast: Momentum Strike   |    10 |    18 ||    28
         Hailstorm         |       |     2 ||     2
    Use: Scroll            |       |     5 ||     5
   Stab: Sleeping          |     2 |       ||     2
 Armour: Leather armour    |     7 |    31 ||    38
  Dodge: Dodged            |    17 |    51 ||    68

Table legend: (Time is in decaauts)
 A = Elapsed time spent in this place.
 B = Non-inter-level travel time spent in this place.
 C = Inter-level travel time spent in this place.
 D = Time resting spent in this place.
 E = Time spent auto-exploring this place.
 F = Levels seen in this place.
 G = Mean time per level.
                   A        B        C        D        E       F      G
               +--------+--------+--------+--------+--------+-----+--------+
         Total |   3512 |   3386 |    126 |    508 |   1968 |   6 |  585.3 |
       Dungeon |   3510 |   3384 |    126 |    508 |   1968 |   5 |  702.0 |
        Temple |      1 |      1 |      0 |      0 |      0 |   1 |    1.0 |
               +--------+--------+--------+--------+--------+-----+--------+

Top non-repeatable levels by time:
     D:1: 1024 daAuts
     D:3: 1002 daAuts
     D:2: 941 daAuts
     D:4: 537 daAuts
     D:5: 4 daAuts
  Temple: 1 daAuts
